 Dungeon Crawl Stone Soup version 0.29.1-2-gbd0b4ee654 (webtiles) character file.

Game seed: 13399866047102245249

7293 safid the Marksminotaur (level 10, -1/91 HPs)
             Began as a Minotaur Hunter on Nov 17, 2022.
             Was a Believer of Okawaru.
             Slain by a yak (10 damage)
             ... on level 10 of the Dungeon.
             The game lasted 00:16:22 (12258 turns).

safid the Marksminotaur (Minotaur Hunter)          Turns: 12258, Time: 00:16:23

Health: -1/91      AC:  8    Str: 15    XL:     10   Next: 89%
Magic:  10/11      EV: 12    Int: 12    God:    Okawaru [**....]
Gold:   451        SH:  0    Dex: 25    Spells: 9/9 levels left

rFire   . . .      SeeInvis .   u - +3 arbalest (vorpal)
rCold   . . .      Faith    .   (shield currently unavailable)
rNeg    . . .      Spirit   .   p - +0 scale mail
rPois   .          Reflect  .   w - +0 hat of the Lute {rElec Int+6 Stlth-}
rElec   +          Harm     .   B - +0 cloak
rCorr   .          Rampage  .   (no gloves)
Will    +....                   (no boots)
Stlth   ..........              (no amulet)
HPRegen 0.25/turn               o - ring of willpower
MPRegen 0.12/turn               k - +6 ring of dexterity

@: no status effects
A: horns 2, retaliatory headbutt
a: Renounce Religion, Heroism


You were on level 10 of the Dungeon.
You worshipped Okawaru.
Okawaru was pleased with you.
You visited 2 branches of the dungeon, and saw 11 of its levels.

You collected 548 gold pieces.
You spent 97 gold pieces at shops.

Inventory:

Hand Weapons
 u - a +3 vorpal arbalest (weapon)
Armour
 p - a +0 scale mail (worn)
 w - the +0 hat of the Lute (worn) {rElec Int+6 Stlth-}
   (You acquired it on level 8 of the Dungeon)

   Int:       It affects your intelligence (+6).
   rElec:     It insulates you from electricity.
   Stlth:     It makes you less stealthy.
 B - a +0 cloak (worn)
Jewellery
 k - a +6 ring of dexterity (right hand)
 o - a ring of willpower (left hand)
Wands
 b - a wand of digging (5)
 c - a wand of mindburst (11)
 e - a wand of iceblast (1)
 v - a wand of acid (5)
 y - a wand of polymorph (9)
Scrolls
 d - 6 scrolls of teleportation
 l - a scroll of fear
 r - 2 scrolls of enchant armour
 t - 4 scrolls of poison
 x - a scroll of butterflies
 A - a scroll of magic mapping {unknown}
Potions
 a - a potion of attraction {unknown}
 f - 2 potions of lignification {unknown}
 g - a potion of invisibility
 h - 6 potions of curing
 i - a potion of might {unknown}
 j - 2 potions of brilliance {unknown}
 m - 2 potions of mutation {unknown}
 n - 3 potions of resistance
 q - 3 potions of ambrosia
 s - 2 potions of haste {unknown}


   Skills:
 + Level 9.0 Fighting
 + Level 15.6 Ranged Weapons
 + Level 3.8 Armour
 + Level 4.2 Dodging
 - Level 0.7 Stealth
 + Level 3.2 Invocations


You had 9 spell levels left.
You didn't know any spells.
Your spell library contained the following spells:

 Spells                   Type           Power      Damage    Failure   Level
 Apportation              Tloc           0%         N/A       77%         1
 Necrotise                Necr           0%         1d4       77%         1
 Sting                    Tmut/Pois      0%         1d3       77%         1
 Static Discharge         Conj/Air       0%         3-3/arc   88%         2
 Mephitic Cloud           Conj/Pois/Air  0%         N/A       98%         3
 Portal Projectile        Hex/Tloc       0%         N/A       98%         3
 Vampiric Draining        Necr           0%         2d6       98%         3
 Ice Form                 Ice/Tmut       0%         N/A       100%        4
 Leda's Liquefaction      Hex/Erth       0%         N/A       100%        4
 Agony                    Necr           0%         N/A       100%        5
 Blade Hands              Tmut           0%         N/A       100%        5
 Silence                  Hex/Air        0%         N/A       100%        5
 Storm Form               Tmut/Air       0%         N/A       100%        7
 Maxwell's Capacitive Co  Air            0%         ∞         100%        8
 Summon Small Mammal      Summ           Unusable   N/A       N/A         1
 Call Canine Familiar     Summ           Unusable   N/A       N/A         3
 Summon Guardian Golem    Hex/Summ       Unusable   N/A       N/A         3

Dungeon Overview and Level Annotations

Branches:
Dungeon (10/15)            Temple (1/1) D:4             Orc (0/2) D:9
   Lair: D:8-11

Altars:
Ashenzari
Dithmenos
Elyvilon
Gozag
Hepliaklqana
Kikubaaqudgha
Makhleb
Nemelex Xobeh
Okawaru
Qazlal
Ru
Sif Muna
Trog
Uskayaw
Vehumet
Wu Jian
Xom
Yredelemnul
Zin
The Shining One

Shops:
D:4 *   D:5 (   D:8 (


Innate Abilities, Weirdness & Mutations

You have a pair of horns on your head.
You reflexively headbutt those who attack you in melee.


Message History

You shoot a bolt. The bolt hits the yak!!
You kill the yak!
Okawaru accepts your kill.
You shoot a bolt. The bolt hits the two-headed ogre!!
The two-headed ogre is moderately wounded.
You feel like a meek peon again.
The two-headed ogre hits you with a +0 giant club!!
The two-headed ogre closely misses you.
You shoot a bolt. The bolt hits the two-headed ogre!!
You kill the two-headed ogre!
Okawaru is honoured by your kill.
Your Fighting skill increases to level 9!
Your Dodging skill increases to level 4!
Your Invocations skill increases to level 3!
You shoot a bolt. The bolt closely misses the yak.
The yak snorts and paws the ground.
The yak gores you! The yak gores you.
You are too injured to fight recklessly!
You are too injured to fight recklessly!
You are too injured to fight recklessly!
You are too injured to fight recklessly!
Fire: u) +3 arbalest (vorpal)
Press: ? - help, Q - select action, (/) - cycle Shift-Dir - straight line, f/p - yak
Aim: a yak (80% to hit)
You shoot a bolt. The bolt hits the yak.
The yak is lightly wounded.
The yak closely misses you. The yak gores you!
Fire: u) +3 arbalest (vorpal)
Press: ? - help, Q - select action, (/) - cycle Shift-Dir - straight line, f/p - yak
Aim: a yak (lightly wounded, 80% to hit)
You shoot a bolt. The bolt hits the yak.
The yak is moderately wounded.
The yak gores you!
* * * LOW HITPOINT WARNING * * *
The yak gores you.
* * * LOW HITPOINT WARNING * * *
The yak gores you!
* * * LOW HITPOINT WARNING * * *
The yak gores you!
You die...

.#.......#.....##.# ........'
.##.....##........# ###....#
###.....####'###############....#
..............##................#
..............##................#
..............##................#
..............##................#
.......>......##................#
.##.....########@Y..............#
+##.....# .....#Y##########...###
#.....# #..Y.....#####...#
#........#.......+
#....##.......§..#
#....##...≈._.≈§.#
...............§..#
.............##§####
.......♣.#######...


You could see 3 yaks.

Vanquished Creatures
  A two-headed ogre (D:10)
  Pikel (D:7)
  Maurice (D:8)
  A gargoyle (D:10)
  2 kobold demonologists (D:10)
  Sigmund (D:4)
  A shadow (D:9)
  A wraith (D:9)
  3 wyverns
  7 yaks (D:10)
  5 water moccasins
  An orc warrior (D:9)
  2 sky beasts
  A black bear (D:6)
  An ice beast (D:7)
  2 ogres
  3 centaurs
  2 lemures (D:7)
  4 kobold brigands
  A gnoll sergeant (D:5)
  A necrophage (D:7)
  2 scorpions
  A water moccasin zombie (D:3)
  7 wights (D:7)
  6 killer bees (D:9)
  A howler monkey (D:8)
  2 orc priests
  4 hounds
  9 orc wizards
  Ijyb (D:4)
  7 adders
  12 gnolls (D:5)
  2 adder zombies (D:3)
  A worm (D:2)
  2 dart slugs
  24 orcs
  8 endoplasms
  3 giant cockroaches (D:1)
  4 goblins
  4 hobgoblins
  7 jackals
  6 quokkas
  3 ball pythons
  3 bats (D:1)
  A frilled lizard (D:1)
  27 kobolds
  A rat (D:2)
190 creatures vanquished.

Vanquished Creatures (others)
  An orc wizard (D:5)
  3 bushes (D:10)
  4 fungi (D:10)
  18 plants
26 creatures vanquished.

Grand Total: 216 creatures vanquished

Notes
Turn   | Place    | Note
-------+----------+-------------------------------------------
     0 | D:1      | safid the Minotaur Hunter began the quest for the Orb.
     0 | D:1      | Reached XP level 1. HP: 18/18 MP: 0/0
   279 | D:1      | Reached XP level 2. HP: 25/25 MP: 1/1
   677 | D:1      | Found a faded altar of an unknown god.
  1130 | D:2      | Reached skill level 5 in Ranged Weapons
  1130 | D:2      | Reached XP level 3. HP: 18/31 MP: 2/2
  2198 | D:3      | Reached XP level 4. HP: 40/40 MP: 3/3
  2339 | D:3      | Reached XP level 5. HP: 45/47 MP: 4/4
  2383 | D:3      | Found a basalt altar of Yredelemnul.
  2704 | D:4      | Found a staircase to the Ecumenical Temple.
  2717 | D:4      | Reached skill level 5 in Fighting
  2717 | D:4      | Reached skill level 6 in Ranged Weapons
  2755 | Temple   | Entered the Ecumenical Temple
  3031 | D:4      | Found Maunu's Overcharged Wands.
  3282 | D:4      | Noticed Sigmund
  3584 | D:4      | Killed Sigmund
  3585 | D:4      | Reached XP level 6. HP: 32/57 MP: 5/5
  3755 | D:4      | Noticed Ijyb
  3764 | D:4      | Killed Ijyb
  4326 | D:5      | Entered Level 5 of the Dungeon
  4343 | D:5      | Reached skill level 7 in Ranged Weapons
  4469 | D:5      | Reached XP level 7. HP: 63/64 MP: 6/6
  5192 | D:5      | Reached skill level 8 in Ranged Weapons
  5507 | D:5      | Reached XP level 8. HP: 46/74 MP: 7/7
  5842 | D:5      | Found Hioq's Weapon Boutique.
  5851 | D:5      | Bought a +0 vorpal shortbow for 97 gold pieces
  6115 | D:6      | Reached skill level 9 in Ranged Weapons
  6491 | D:6      | Reached skill level 10 in Ranged Weapons
  7072 | D:6      | Got the Writings on the Nimbus and Shapeshifting
  7554 | D:7      | Reached skill level 11 in Ranged Weapons
  7967 | D:7      | Reached XP level 9. HP: 80/81 MP: 8/8
  8400 | D:7      | Noticed Pikel
  8408 | D:7      | Killed Pikel
  8409 | D:7      | Reached skill level 12 in Ranged Weapons
  8780 | D:8      | Found Culus's Weapon Emporium.
  9012 | D:8      | Reached skill level 13 in Ranged Weapons
  9462 | D:8      | Identified a scroll of acquirement
  9463 | D:8      | Acquired the +0 hat of the Lute {rElec Int+6 Stlth-}
  9996 | D:9      | Noticed Maurice
 10028 | D:8      | Killed Maurice
 10029 | D:8      | Reached skill level 14 in Ranged Weapons
 10823 | D:9      | Found a burning altar of Makhleb.
 10843 | D:9      | Got the Secrets of the Gelid Storm
 10941 | D:9      | Found a staircase to the Orcish Mines.
 10950 | D:9      | Identified the +6 whip "Mufre" {pain, rN+ SInv}
 11017 | D:9      | Reached XP level 10. HP: 44/88 MP: 9/9
 11553 | D:9      | Found an iron altar of Okawaru.
 11553 | D:9      | Found a stormy altar of Qazlal.
 11759 | D:9      | Became a worshipper of Warmaster Okawaru
 11782 | D:10     | Entered Level 10 of the Dungeon
 11782 | D:10     | Noticed a gargoyle
 11788 | D:10     | Killed a gargoyle
 11789 | D:10     | Reached skill level 15 in Ranged Weapons
 12112 | D:10     | Reached skill level 1 in Armour
 12112 | D:10     | Reached skill level 1 in Invocations
 12215 | D:10     | Found an ornate altar of the Wu Jian Council.
 12225 | D:10     | Reached * piety under Okawaru
 12234 | D:10     | Noticed a two-headed ogre
 12255 | D:10     | Killed a two-headed ogre
 12255 | D:10     | Reached ** piety under Okawaru
 12258 | D:10     | Slain by a yak

Illustrated notes

Levels and vault maps discovered:
D:1:      saegor_arrival_simple_d, layout_basic,
          shapermc_ecumenical_altar_ellora, st_stairs_2, dk_noncrumbling_4
D:2:      layout_basic, serial_forest, infiniplex_forest_clump_small,
          infiniplex_forest_clump_tiny, infiniplex_forest_zigzag_2,
          infiniplex_forest_straight_3, infiniplex_forest_clump_medium,
          infiniplex_forest_zigzag_1, infiniplex_forest_straight_1
D:3:      layout_rooms, nicolae_yredelemnul_corpse_copse,
          kennysheep_generic_room_14
D:4:      layout_gridville, minmay_temple_entry_proselytizer,
          nicolae_shop_overcharged_wands, uniq_sigmund, uniq_ijyb
D:5:      layout_basic, serial_shops, nicolae_diamond_shop
D:6:      layout_loops_corners
D:7:      layout_loops_ring, amcnicky_mini_corridor_feature,
          minmay_misc_feat_columns, minmay_crystal_room, uniq_pikel
D:8:      layout_gridville, serial_shops, nicolae_shop_waterfront
D:9:      layout_loops_ring, gammafunk_temple_overflow_statue,
          lemuel_tele_altar, uniq_maurice
D:10:     layout_stronghold, mainiacjoe_overflow_tiny_flanked,
          gammafunk_temple_overflow_pools, minmay_lair_entry_grove,
          david_defended_altar_orc
Temple:   minmay_freezing_vapour_temple

Skill      XL: |  1  2  3  4  5  6  7  8  9 10 |
---------------+-------------------------------+-----
Fighting       | 3 4 6 8 9 |  9.0
Ranged Weapons | 5 6 7 8 11 14 15 | 15.6
Armour         | 3 |  3.8
Invocations    | 3 |  3.2
Dodging        | 4 |  4.2
Stealth        | |  0.7

Action                   |  1- 3 |  4- 6 |  7- 9 | 10-12 || total
-------------------------+-------+-------+-------+-------++-------
 Fire: Shortbow          |   117 |   119 |   456 |    17 ||   709
       Arbalest          |       |       |       |    62 ||    62
Invok: Heroism           |       |       |       |     1 ||     1
  Use: Potion            |     2 |     1 |       |       ||     3
       Scroll            |       |       |    13 |     6 ||    19
Armor: Leather armour    |    17 |     5 |       |       ||    22
       Scale mail        |       |     8 |   113 |     7 ||   128
Dodge: Dodged            |    41 |    32 |   115 |    27 ||   215
